Map: Miner Evacuation

Players

wasp

  • Race: Protoss Protoss

larsgj

  • Race: Terran Terran

VOD

Have the link to the VOD?

Description

Time

  • Played on: July 11, 2022, 6:15 a.m.
  • Length: 33:35
Show
View Real Time Build Order
Export as new Build Order

wasp Protoss 

Build Orders:  

Get SALT Encoding   

  1  0:00  Probe x12 (Chrono Boost)  
    0:14  Unknown x2  
  12  0:23  Probe (Chrono Boost)  
  13  0:37  Probe (Chrono Boost)  
  14  0:49  Pylon  
  14  0:59  Pylon  
  14  1:26  Forge  
  14  2:36  Photon Cannon  
  14  2:39  Photon Cannon  
  14  2:44  Photon Cannon  
  14  2:48  Photon Cannon  
  14  3:25  Pylon  
  14  4:33  Photon Cannon  
  14  4:36  Photon Cannon  
  14  4:42  Photon Cannon  
  14  4:52  Photon Cannon  
  14  5:04  Pylon  
  14  5:34  Photon Cannon  
  14  7:25  Photon Cannon  
  14  7:30  Photon Cannon  
  14  7:35  Photon Cannon  
  14  7:40  Photon Cannon  
  14  7:42  Photon Cannon  
  14  7:48  Photon Cannon  
  14  7:54  Photon Cannon  
  14  8:08  Photon Cannon  
  14  9:04  Gateway  
  14  10:46  Zealot  
  14  10:49  Zealot  
  18  11:11  Cybernetics Core  
  18  11:23  Photon Cannon  
  18  11:30  Photon Cannon  
  18  12:16  Photon Cannon  
  18  12:18  Photon Cannon  
  18  12:26  Photon Cannon  
  18  12:55  Assimilator  
  18  12:58  Assimilator  
  18  14:48  Dragoon  
  20  14:52  Zealot  
  20  14:54  Zealot  
  24  18:20  Stargate  
  24  21:38  Photon Cannon  
  24  21:42  Photon Cannon  
  24  21:43  Photon Cannon  
  24  21:52  Photon Cannon  
  24  21:56  Photon Cannon  
  24  21:58  Photon Cannon  
  24  22:04  Photon Cannon  
  24  22:10  Photon Cannon  
  24  22:13  Photon Cannon  
  24  22:17  Photon Cannon  
  24  23:36  Phoenix  
  24  23:38  Phoenix  
  24  23:39  Phoenix  
  26  24:56  Photon Cannon x2  
  26  25:01  Photon Cannon  
  26  25:17  Photon Cannon  
  26  25:25  Photon Cannon  
  26  25:43  Photon Cannon  
  26  28:26  Photon Cannon  
  26  28:28  Photon Cannon  
  26  28:32  Photon Cannon  
  26  28:36  Photon Cannon  
  26  28:39  Photon Cannon  
  26  28:44  Photon Cannon x2  
  26  28:51  Photon Cannon  
  26  28:55  Photon Cannon  
  26  29:03  Photon Cannon  
  26  29:09  Photon Cannon  
  26  30:05  Photon Cannon  
Show
View Real Time Build Order
Export as new Build Order

larsgj Terran 

Build Orders:  

Get SALT Encoding   

  1  0:00  Orbital Command, SCV x12  
    0:14  Unknown  
    0:17  SCV  
  13  0:34  SCV  
  14  0:50  Supply Depot  
  14  0:51  SCV  
  14  0:59  Refinery  
  15  1:08  SCV  
  16  1:23  Barracks  
  16  1:28  SCV  
  17  1:44  Refinery  
  17  1:46  SCV  
  18  2:03  SCV  
  19  2:16  Engineering Bay  
  19  2:30  Marine  
  19  2:31  Factory  
  20  2:40  Marine  
  21  2:50  Marine  
  20  3:45  Starport  
  19  4:41  Starport  
  19  5:00  Starport Tech Lab  
  19  5:11  Orbital Command  
  19  5:22  Armory  
  19  5:36  Starport Tech Lab  
  19  5:39  Banshee  
  22  6:29  Fusion Core  
  22  7:03  Supply Depot  
  22  7:04  Banshee x2, Supply Depot  
  22  7:06  Supply Depot  
  22  7:07  Supply Depot  
  28  7:32  Supply Depot  
  28  7:42  Supply Depot  
  28  7:54  Cloaking Field  
  28  8:00  Banshee  
  31  8:48  Advanced Optics  
  31  8:52  Banshee  
  34  9:18  Supply Depot  
  34  10:33  Banshee x2  
  40  10:47  Advanced Optics  
  40  11:06  Banshee  
  43  11:22  Supply Depot  
  43  12:06  Banshee  
  43  12:07  Banshee  
  49  12:47  Afterburners  
  49  13:47  Terran Vehicle And Ship Armor Level 1  
  40  15:02  Battlecruiser x2  
  52  15:45  Battlecruiser  
  58  15:51  Neosteel Frame  
  58  16:20  Battlecruiser  
  58  16:27  Terran Vehicle and Ship Weapons Level 1  
  64  16:38  Weapon Refit  
  64  19:07  Terran Vehicle And Ship Armor Level 2  
  64  19:54  Battlecruiser x2  
  76  20:37  Battlecruiser  
  82  21:44  Supply Depot  
  82  21:47  Supply Depot  
  82  21:49  Supply Depot  
  82  21:53  Supply Depot  
  82  21:54  Structure Armor  
  82  22:02  Banshee x2  
  88  23:09  Battlecruiser  
  94  23:50  Banshee  
  94  23:51  Banshee  
  100  24:53  Battlecruiser  
  100  28:01  Battlecruiser  
  100  28:02  Battlecruiser  
  112  28:24  Supply Depot  
  112  28:44  Battlecruiser  
  95  32:08  Banshee x2  
  101  32:35  Banshee x2  
  107  33:03  Banshee x2  
Tags
 
Commander
ArtanisRaynor
Matchup
Co-op
Replay Pack
Multiplayer
Add a new tag
Caveats
  • Supply blocks, unpowered buildings, or Contaminate may cause inaccurate times.
  • Supply counts are checked every 10 seconds.